Map: Lerilak Crest

Players

Javert - Winner!

  • Race: Zerg Zerg
  • League: Gold

Satanbot

  • Race: Zerg Zerg
  • League: Gold

VOD

Have the link to the VOD?

Description

Time

  • Played on: Sept. 9, 2015, 12:11 a.m.
  • Length: 10:20
Show
View Real Time Build Order
Export as new Build Order

Javert Zerg - Winner!

Build Orders: Pool First 

Get SALT Encoding   

  12  0:01  Drone  
  13  0:14  Overlord  
  13  0:35  Drone  
  13  0:36  Drone x2  
  16  0:43  Spawning Pool  
  15  0:52  Drone  
  16  0:59  Drone  
  17  1:14  Drone  
  17  1:15  Hatchery  
  17  1:22  Extractor  
  16  1:31  Roach Warren  
  15  1:37  Queen  
  17  1:47  Drone x2  
  17  1:48  Drone  
  20  1:59  Overlord  
  20  2:12  Drone  
  21  2:18  Queen  
  23  2:26  Roach  
  25  2:34  Roach x2  
  29  2:47  Roach x3  
  35  3:00  Overlord  
  35  3:14  Drone  
  35  3:16  Overlord  
  36  3:21  Drone x4  
  36  3:22  Drone x2  
  36  3:24  Metabolic Boost  
  42  3:31  Overlord  
  42  3:35  Drone  
  43  4:00  Drone x6  
  49  4:04  Overlord  
  45  4:20  Queen  
  45  4:22  Overlord  
  41  4:24  Roach x2  
  41  4:25  Roach x4  
  41  4:30  Extractor  
  50  4:34  Extractor  
  49  4:39  Roach x2  
  49  4:43  Spine Crawler  
  52  5:03  Drone x2  
  52  5:04  Drone x6  
  52  5:05  Drone  
  61  5:09  Spine Crawler  
  61  5:11  Evolution Chamber  
  61  5:12  Evolution Chamber, Overlord  
  61  5:13  Drone x2  
  61  5:14  Extractor  
  61  5:17  Drone  
  61  5:18  Drone  
  62  5:25  Drone x3  
  62  5:28  Ravager  
  66  5:29  Ravager x2  
  68  5:44  Lair  
  68  5:51  Drone  
  68  5:52  Drone x4  
  68  5:55  Hatchery  
  72  5:57  Overlord  
  72  6:04  Zerg Missile Weapons Level 1  
  72  6:13  Drone x4  
  72  6:17  Overlord x2  
  76  6:29  Overlord x2  
  76  6:35  Queen  
  76  6:36  Zerg Ground Armor Level 1  
  76  6:37  Overlord x2  
  78  6:41  Roach x4  
  86  6:56  Glial Reconstitution  
  86  7:00  Hydralisk Den  
  85  7:02  Roach x7  
  96  7:09  Burrow  
  96  7:13  Roach  
  96  7:14  Roach x2  
  91  7:36  Roach x8  
  91  7:37  Roach x3  
  113  7:44  Overlord  
  113  7:45  Overlord  
  113  7:53  Muscular Augments  
  113  7:55  Overlord  
  113  7:57  Drone x2  
  103  8:16  Roach  
  103  8:17  Roach x8  
  118  8:27  Roach  
  118  8:33  Roach  
  112  8:34  Roach  
  112  8:40  Roach  
  108  8:41  Roach  
  108  8:42  Roach x10  
  126  8:55  Roach x3  
  126  8:59  Overlord x2  
  126  9:07  Roach  
  126  9:08  Roach x9  
  146  9:29  Spore Crawler, Spine Crawler  
  146  9:30  Drone x5, Spine Crawler  
  146  9:35  Extractor  
  146  9:36  Extractor  
  146  9:37  Overlord  
Show
View Real Time Build Order
Export as new Build Order

Satanbot Zerg 

Build Orders: Hatch First 

Get SALT Encoding   

  12  0:01  Drone  
  13  0:12  Overlord  
  13  0:18  Drone  
  14  0:31  Drone x2  
  16  0:36  Drone  
  17  0:54  Hatchery  
  17  0:55  Drone  
  17  0:58  Extractor  
  16  1:14  Spawning Pool  
  16  1:15  Drone  
  16  1:18  Drone  
  16  1:24  Drone  
  18  1:31  Drone  
  19  1:40  Overlord  
  19  2:02  Metabolic Boost  
  19  2:03  Queen  
  19  2:05  Drone  
  19  2:06  Drone  
  23  2:09  Queen  
  23  2:13  Zergling x2  
  26  2:20  Overlord  
  26  2:33  Roach Warren  
  26  2:35  Drone x2  
  26  2:37  Drone  
  28  2:40  Drone  
  29  3:01  Drone x3  
  29  3:02  Overlord x2  
  32  3:17  Roach x2  
  36  3:21  Roach  
  36  3:22  Roach x3  
  44  3:35  Lair  
  44  3:37  Drone x4  
  48  3:46  Queen  
  45  3:51  Drone x2  
  44  3:59  Zergling x2  
  44  4:00  Zergling x2  
  44  4:05  Zergling x2  
  44  4:06  Zergling x2  
  38  4:34  Queen, Extractor  
  39  4:42  Drone  
  39  4:43  Drone x2  
  42  4:48  Drone x2  
  40  5:00  Drone  
  40  5:01  Drone x4  
  40  5:06  Roach  
  47  5:09  Roach  
  47  5:13  Zergling x2  
  50  5:17  Overlord  
  50  5:22  Zergling x4  
  52  5:28  Spine Crawler  
  52  5:31  Overlord x2  
  51  5:47  Zergling x2  
  52  5:50  Ravager  
  52  5:51  Ravager x3  
  52  5:52  Roach  
  52  5:54  Roach  
  60  6:01  Overlord x3  
  60  6:15  Overlord x2  
  60  6:21  Drone x2  
  60  6:22  Evolution Chamber, Drone x2  
  60  6:23  Drone x2  
  60  6:24  Evolution Chamber  
  64  6:31  Roach  
  64  6:32  Roach x3  
  72  6:36  Glial Reconstitution  
  72  6:52  Drone  
  72  6:53  Drone x2, Extractor  
  74  6:54  Extractor  
  74  7:00  Drone x3  
  75  7:01  Drone  
  75  7:02  Drone x2  
  76  7:10  Zergling x2  
  73  7:29  Roach  
  71  7:30  Roach x5  
  71  7:34  Zergling x2  
  71  7:35  Zergling x4  
  71  7:45  Roach x2  
  74  7:54  Roach x4  
  75  8:06  Hatchery, Roach x4  
  70  8:13  Zergling x2  
  70  8:14  Zergling x2  
  68  8:31  Roach  
  68  8:32  Roach x5  
  72  8:38  Roach  
  72  8:39  Roach  
  68  8:47  Roach  
  68  8:48  Roach x2  
Tags
 
Add a new tag
Caveats
  • Supply blocks, unpowered buildings, or Contaminate may cause inaccurate times.
  • Supply counts are checked every 10 seconds.